 Dungeon Crawl Stone Soup version 0.18.1-47-g9310371 (webtiles) character file.

151 juanjsm the Changer (level 5, -1/33 HPs)
             Began as an Octopode Transmuter on June 18, 2016.
             Killed from afar by Natasha (9 damage)
             ... with a magic dart
             ... on level 3 of the Dungeon.
             The game lasted 00:10:50 (2631 turns).

juanjsm the Changer (Octopode Transmuter)           Turns: 2631, Time: 00:10:50

Health: -1/33      AC:  2    Str: 10    XL:     5   Next: 33%
Magic:  11/17      EV: 22    Int: 16    God:
Gold:   143        SH:  0    Dex: 17    Spells: 2 memorised, 4 levels left

rFire  . . .     SeeInvis .       - Unarmed
rCold  . . .     Gourm    .     (shield currently unavailable)
rNeg   . . .     Faith    .     (helmet currently unavailable)
rPois  x         Spirit   .     (no amulet)
rElec  .         Dismiss  .     f - ring of magical power
rCorr  .         Reflect  .     q - +2 ring of evasion
SustAt .         Harm     .     u - ring of stealth
MR     .....                    (no ring)
Stlth  +++.......               (no ring)
                                (no ring)
                                (no ring)
                                (no ring)

@: spider-form, very slightly contaminated, hasted (expiring), very quick, not
resistant to hostile enchantments, fairly stealthy
A: almost no armour, (amphibious), 8 rings, (constrict 8), (camouflage 0),
(gelatinous body 0)
a: End Transformation


You were on level 3 of the Dungeon.
You were hungry.
You were a venomous arachnid creature.
You visited 1 branch of the dungeon, and saw 5 of its levels.

You collected 143 gold pieces.

Inventory:

Hand Weapons
 i - a +0 dagger of venom
Missiles
 a - 127 arrows
 k - 30 poisoned needles
 t - 3 javelins of returning (quivered)
Jewellery
 f - a ring of magical power (left front leg)
 q - a +2 ring of evasion (right front leg)
 u - a ring of stealth (on tentacle)
Scrolls
 e - 3 scrolls of identify {unknown}
 g - 3 scrolls of teleportation {unknown}
 l - 2 scrolls of amnesia {unknown}
 m - 2 scrolls of enchant weapon {unknown}
 n - a scroll of magic mapping {unknown}
 p - a scroll of fog {unknown}
 s - a scroll of remove curse {unknown}
 v - a scroll of blinking {unknown}
Potions
 h - a potion of haste
 j - 3 potions of curing
 o - a potion of flight {unknown}
 r - a potion of cancellation {unknown}
 w - a potion of heal wounds {unknown}
Books
 b - a book of Changes

   Spells                             Type                      Level
   a - Beastly Appendage              Transmutation                1
   b - Sticks to Snakes               Transmutation                2
   c - Spider Form                    Transmutation/Poison         3
   d - Ice Form                       Ice/Transmutation            4
   e - Blade Hands                    Transmutation                5
Comestibles
 c - 5 bread rations
 d - 4 meat rations
 x - 6 chunks of flesh


   Skills:
 - Level 1.0 Fighting
 - Level 2.1 Dodging
 - Level 0.4 Stealth
 - Level 3.4 Unarmed Combat
 - Level 2.1 Spellcasting
 * Level 4.8 Transmutations


You had 4 spell levels left.
You knew the following spells:

 Your Spells              Type           Power        Failure   Level  Hunger
a - Beastly Appendage     Trmt           ###...       12%         1    #......
b - Spider Form           Trmt/Pois      #.........   50%         3    ###....


Dungeon Overview and Level Annotations

Branches:
Dungeon (5/15)
 Temple: D:4-7

Altars:
Ashenzari
Kikubaaqudgha

Annotations:
D:3 Natasha


Innate Abilities, Weirdness & Mutations

You cannot wear most types of armour.
((You are amphibious.))
You can wear up to eight rings at the same time.
((You can use your tentacles to constrict eight enemies at once.))
((Your skin changes colour to match your surroundings (Stealth).))
((Your rubbery body absorbs attacks (AC +1).))


Message History

Confirm with . or Enter, or press ? or * to list all spells.
You miscast Spider Form.
Your skin glows momentarily.
You are feeling hungry.
Natasha drinks a potion.
Natasha flickers and vanishes!
Deactivating autopickup; reactivate with Ctrl-A.
Autopickup is now on.
Casting: Spider Form
Confirm with . or Enter, or press ? or * to list all spells.
You turn into a venomous arachnid creature.
Deactivating autopickup; reactivate with Ctrl-A.
You barely miss something.
You hear some strange, mumbled words.
A magic dart appears from out of thin air!
The magic dart hits you!
* * * LOW HITPOINT WARNING * * *
Your extra speed is starting to run out.
You hear some strange, mumbled words.
A magic dart appears from out of thin air!
The magic dart hits you!
You die...

#.#.#.#.........###
#.#.#.#.........##.
....#.#.........##. #...
#.###...........##. #g... #.#
#....#########. #.... #5#
#....# #. #....####.###....#
#. #..........##....# #######
#.........s##....####......
####..........##..............
#...^......#+###......<..)...♣
#..........#.# #...........♣..
#......<...#.# ##.........♣♣♣.
#..........#.# #....###...♣..
#..........#.# ##### #.....♣
#..[.......#.# ###.♣..
#.÷.)......#.# ####### #♣♣♣.


You could see an iron imp.

Vanquished Creatures
  Natasha (D:3)
  A gnoll (D:1)
  3 adders
  2 oozes (D:2)
  3 worms (D:2)
  4 giant geckos (D:1)
  A ball python (D:2)
  8 bats
  4 giant cockroaches
  8 goblins
  7 hobgoblins
  6 jackals
  4 kobolds
  A quokka (D:2)
  4 giant newts
  8 rats
65 creatures vanquished.

Notes
Turn   | Place    | Note
--------------------------------------------------------------
     0 | D:1      | juanjsm the Octopode Transmuter began the quest for the Orb.
     0 | D:1      | Reached XP level 1. HP: 13/13 MP: 3/3
   117 | D:1      | Reached XP level 2. HP: 18/18 MP: 3/5
   183 | D:2      | Found a shattered altar of Ashenzari.
   215 | D:1      | Reached XP level 3. HP: 11/23 MP: 4/6
   220 | D:1      | Learned a level 3 spell: Spider Form
   437 | D:1      | Reached skill level 3 in Transmutations
   721 | D:2      | Reached XP level 4. HP: 20/28 MP: 4/7
  1090 | D:2      | Found a faded altar to an unknown god.
  1207 | D:2      | Reached skill level 4 in Transmutations
  2045 | D:3      | Found an ancient bone altar of Kikubaaqudgha.
  2389 | D:5      | Entered Level 5 of the Dungeon
  2589 | D:3      | Noticed Natasha
  2594 | D:3      | Reached XP level 5. HP: 13/33 MP: 8/8
  2598 | D:3      | Killed Natasha
  2624 | D:3      | Noticed Natasha
  2631 | D:3      | Killed from afar by Natasha

Skill      XL: |  1  2  3  4 |
---------------+-------------+-----
Transmutations | 3 4 |  4.8
Fighting       | |  1.0
Dodging        | |  2.1
Stealth        | |  0.4
Unarmed Combat | |  3.4
Spellcasting   | |  2.1

Action                   |  1- 3 |  4- 6 || total
-------------------------+-------+-------++-------
Melee: Unarmed           |    66 |    94 ||   160
       Constrict         |    19 |    19 ||    38
       Kick              |    17 |    23 ||    40
       Tentacles         |    13 |    15 ||    28
       Punch             |     1 |     2 ||     3
 Cast: Beastly Appendage |    19 |    18 ||    37
       Spider Form       |       |     2 ||     2
  Use: Potion            |       |     2 ||     2
 Stab: Sleeping          |     4 |     7 ||    11
  Eat: Chunk             |       |     6 ||     6
Armor: Skin              |     9 |     5 ||    14
Dodge: Dodged            |    36 |    86 ||   122
